 Dungeon Crawl Stone Soup version 0.31-a0-833-gc15d34cb79 (webtiles) character file.

Game seed: 9686664266279392103

12117 lunkers the Geomancer (level 12, -2/101 HPs)
             Began as a Meteoran Earth Elementalist on Sept 25, 2023.
             Was a Believer of Vehumet.
             Slain by a cane toad (18 damage)
             ... on level 1 of the Lair of Beasts.
             The game lasted 00:14:41 (5144 turns).

lunkers the Geomancer (Meteoran Earth Elementalist) Turns: 5144, Time: 00:14:41

Health: -2/101     AC: 13    Str: 13    XL:     12   Next: 44%
Magic:  8/27       EV: 15    Int: 22    God:    Vehumet [**....]
Gold:   497        SH:  0    Dex: 15    Spells: 17/31 levels left

rFire   + + .        F - +3 trident "Zyptid" {holy, *Slow rPois rF++ Str+3}
rCold   . . .        (no shield)
rNeg    . . .        u - +0 acid dragon scales
rPois   +            q - +2 hat
rElec   .            l - +2 cloak
rCorr   +            (no gloves)
SInv    .            h - +1 pair of boots
Will    +....        (no amulet)
Stlth   +            g - ring of wizardry
HPRegen 0.36/turn    m - ring of resist corrosion
MPRegen 0.20/turn

%: slow self (1%), wizardry (x1)
@: glowing
A: sense surroundings 2, otherworldly, glowing, explore regen
a: Renounce Religion


You were on level 1 of the Lair of Beasts.
You worshipped Vehumet.
Vehumet was pleased with you.
You visited 3 branches of the dungeon, and saw 11 of its levels.
You also visited: Bailey.

You collected 497 gold pieces.

Inventory:

Hand Weapons
 o - a +2 vampiric mace
 y - a +2 heavy battleaxe
 F - the +3 trident "Zyptid" (weapon) {holy, *Slow rPois rF++ Str+3}
   (You found it on level 1 of the Lair of Beasts)

   Str+3:     It affects your strength (+3).
   rF++:      It greatly protects you from fire.
   rPois:     It protects you from poison *Slow: It may slow you when you take
   damage.
Armour
 h - a +1 pair of boots (worn)
 l - a +2 cloak (worn)
 q - a +2 hat (worn)
 u - +0 acid dragon scales (worn)
 z - an orb of guile
 A - +0 steam dragon scales
Magical Staves
 p - a staff of poison
Jewellery
 g - a ring of wizardry (left hand)
 m - a ring of resist corrosion (right hand)
Wands
 a - a wand of polymorph (2)
 n - a wand of mindburst (5)
 v - a wand of charming (10)
Scrolls
 d - a scroll of torment
 f - 2 scrolls of teleportation
 j - 3 scrolls of blinking
 s - 3 scrolls of fog
 x - a scroll of enchant armour
 C - 3 scrolls of revelation
 E - a scroll of fear
Potions
 b - a potion of magic
 c - 3 potions of lignification
 e - 2 potions of berserk rage
 i - 2 potions of attraction
 k - a potion of invisibility {unknown}
 r - 4 potions of curing
 t - a potion of brilliance {unknown}
 w - a potion of heal wounds {unknown}
 D - 2 potions of might


   Skills:
 + Level 7.8 Fighting
 + Level 8.2 Dodging
 - Level 1.4 Stealth
 + Level 10.1 Spellcasting
 * Level 10.8 Conjurations
 - Level 1.2 Transmutations
 - Level 12.2 Earth Magic


You had 17 spell levels left.
You knew the following spells:

 Your Spells              Type           Power      Damage    Failure   Level
a - Stone Arrow           Conj/Erth      100%       3d13      1%          3
b - Passwall              Tmut/Erth      33%        N/A       1%          2
c - Sandblast             Erth           100%       2d20      1%          1
d - Brom's Barrelling Bo  Conj/Erth      58%        2d7       1%          4
e - Petrify               Tmut/Erth      40%        N/A       2%          4

Your spell library contained the following spells:

 Spells                   Type           Power      Damage    Failure   Level
 Searing Ray              Conj           100%       2d8       1%          2
 Kiss of Death            Conj/Necr      100%       2d13      1%          1
 Animate Armour           Summ/Erth      76%        N/A       2%          4
 Summon Small Mammal      Summ           44%        N/A       3%          1
 Lesser Beckoning         Tloc           22%        N/A       5%          2
 Call Canine Familiar     Summ           11%        N/A       11%         3
 Confusing Touch          Hex            11%        N/A       11%         3
 Gell's Gravitas          Tloc           11%        N/A       11%         3
 Summon Guardian Golem    Hex/Summ       11%        N/A       11%         3
 Teleport Other           Tloc           11%        N/A       11%         3
 Tukima's Dance           Hex            11%        N/A       11%         3
 Dispel Undead            Necr           11%        3d9       32%         4
 Passage of Golubria      Tloc           11%        N/A       32%         4
 Yara's Violent Unravell  Hex/Tmut       6%         3d5       56%         5
 Summon Forest            Summ/Tloc      5%         N/A       65%         5
 Summon Mana Viper        Hex/Summ       11%        N/A       65%         5
 Lehudib's Crystal Spear  Conj/Erth      29%        10d8      86%         8
 Summon Cactus Giant      Summ           5%         N/A       99%         6


Dungeon Overview and Level Annotations

Branches:
Dungeon (9/15) Zot: 875    Temple (1/1) D:7 Zot: 469    Lair (1/5) D:9 Zot: 184
 Bailey (visited)
    Orc: D:9-12

Altars:
Ashenzari
Cheibriados
Dithmenos
Elyvilon
Fedhas
Hepliaklqana
Kikubaaqudgha
Nemelex Xobeh
Okawaru
Qazlal
Ru
Trog
Uskayaw
Vehumet
Wu Jian
Xom
Yredelemnul
Zin
The Shining One

Shops:
D:7 [


Innate Abilities, Weirdness & Mutations

You passively map the area around you.
You are easily found by Zot.
You glow in the dark.
You regain HP and MP as you explore.


Message History

Vehumet accepts your kill.
You feel your power returning.
Unknown command.
Aiming: Sandblast (safe; 1% risk of failure)
Press: ? - help, Q - select action, (/) - cycle Shift-Dir - straight line, f - yak
Aim: a yak (91% to hit)
The blast of sand hits the yak!
The yak is moderately wounded.
The cane toad gives a loud, deep croak!
The yak gores you.
* * * LOW HITPOINT WARNING * * *
The yak closely misses you.
Aiming: Sandblast (safe; 1% risk of failure)
Press: ? - help, Q - select action, (/) - cycle Shift-Dir - straight line, f/p - yak
Aim: a yak (moderately wounded, 91% to hit)
The blast of sand hits the yak but does no damage.
The yak is moderately wounded.
The yak gores you but does no damage.
Unknown command.
Aiming: Sandblast (safe; 1% risk of failure)
Press: ? - help, Q - select action, (/) - cycle Shift-Dir - straight line, f/p - yak
Aim: a yak (moderately wounded, 91% to hit)
The blast of sand hits the yak!!!
You kill the yak!
Vehumet accepts your kill.
You feel your power returning.
Unknown command.
Aiming: Sandblast (safe; 1% risk of failure)
Press: ? - help, Q - select action, (/) - cycle Shift-Dir - straight line, f - cane toad
Aim: a cane toad (heavily wounded, 87% to hit)
The blast of sand misses the cane toad.
The cane toad barely misses you.
Unknown command.
Aiming: Sandblast (safe; 1% risk of failure)
Press: ? - help, Q - select action, (/) - cycle Shift-Dir - straight line, f/p - cane toad
Aim: a cane toad (heavily wounded, 87% to hit)
The blast of sand hits the cane toad!
The cane toad is severely wounded.
The cane toad barely misses you. The cane toad stings you!!
You die...

, * #.##.#.#.............
,
,*#########....#########
#......##....#........ ,
, #......##....'........
, ,
##......##............. ,
,
,.#......................
, ,
.........#.....#........
,
,##.......#.............
* *
#....@.......P........ ,
#####F#.#.....#..#..#+ ,
.##.###†..#.............
,
........................
, ,
.......†................
, ,
,...>.................[..
, , ,,
........................
* ,
...............###..###.
, , #...##.P###.#....#
#### #.


You could see a cane toad.

Vanquished Creatures
  A two-headed ogre (Bailey)
  An ugly thing (D:7)
  A manticore (D:7)
  An elephant (D:9)
  A cane toad (Lair:1)
  2 komodo dragons (Lair:1)
  Jeremiah (D:8)
  Maggie (D:6)
  A kobold demonologist (D:7)
  4 blink frogs (Lair:1)
  A polar bear (Lair:1)
  5 spriggans (Bailey)
  A wyvern (D:7)
  9 yaks
  A basilisk (Lair:1)
  2 steam dragons
  15 water moccasins (Lair:1)
  An orc warrior (D:8)
  An ice beast (D:5)
  7 black bears
  4 wolves (Lair:1)
  9 ogres
  3 centaurs
  A phantom (D:5)
  4 bullfrogs
  8 wights
  5 killer bees (D:9)
  A howler monkey (D:7)
  A jelly (D:7)
  3 hounds
  4 orc priests
  4 sleepcaps
  2 iguanas
  8 orc wizards
  8 adders
  4 gnolls (D:6)
  2 worms
  18 orcs
  10 endoplasms
  4 giant cockroaches
  10 goblins
  5 hobgoblins
  2 jackals (D:4)
  4 kobolds
  5 quokkas
  4 ball pythons
  3 bats
  3 frilled lizards
  3 rats
199 creatures vanquished.

Vanquished Creatures (collateral kills)
  A boulder (D:7)
1 creature vanquished.

Vanquished Creatures (others)
  An ogre (D:5)
  2 hounds (D:5)
  An orc wizard (D:4)
  A sleepcap (D:5)
  An adder (D:5)
  A boulder (D:7)
7 creatures vanquished.

Grand Total: 207 creatures vanquished

Notes
Turn   | Place    | Note
-------+----------+-------------------------------------------
     0 | D:1      | lunkers the Meteoran Earth Elementalist began the quest for
                  | the Orb.
     0 | D:1      | Reached XP level 1. HP: 14/14 MP: 5/5
    39 | D:1      | Reached skill level 4 in Earth Magic
    39 | D:1      | Reached XP level 2. HP: 20/20 MP: 3/6
   107 | D:1      | Reached XP level 3. HP: 26/26 MP: 3/8
   110 | D:1      | Learned a level 2 spell: Passwall
   114 | D:1      | Learned a level 3 spell: Stone Arrow
   460 | D:2      | Reached skill level 1 in Conjurations
   460 | D:2      | Reached XP level 4. HP: 33/33 MP: 8/10
   660 | D:3      | Reached skill level 5 in Earth Magic
   913 | D:3      | Reached XP level 5. HP: 26/38 MP: 7/11
   927 | D:3      | Learned a level 4 spell: Brom's Barrelling Boulder
   980 | D:3      | Found a faded altar of an unknown god.
  1389 | D:4      | Reached XP level 6. HP: 45/45 MP: 10/13
  1617 | D:4      | Reached skill level 6 in Earth Magic
  1683 | D:4      | Noticed an ogre
  1688 | D:4      | Killed an ogre
  1799 | D:4      | Noticed a yak
  1799 | D:4      | Noticed an ogre
  1799 | D:4      | Noticed a sky beast
  1885 | D:5      | Entered Level 5 of the Dungeon
  1885 | D:5      | Found a white marble altar of Elyvilon.
  1915 | D:5      | Noticed an ogre
  1918 | D:5      | Killed an ogre
  1919 | D:5      | Reached XP level 7. HP: 50/50 MP: 12/15
  1925 | D:5      | Reached skill level 5 in Spellcasting
  1925 | D:5      | Reached skill level 7 in Earth Magic
  1965 | D:5      | Found a glowing silver altar of Zin.
  2025 | D:5      | Found a shimmering altar of Xom.
  2026 | D:5      | Noticed a steam dragon
  2042 | D:5      | Reached XP level 8. HP: 31/57 MP: 6/17
  2042 | D:5      | Killed a steam dragon
  2043 | D:5      | Reached skill level 8 in Earth Magic
  2104 | D:5      | Noticed a shadow
  2105 | D:5      | Found a shadowy altar of Dithmenos.
  2106 | D:5      | Found a hazy altar of Hepliaklqana.
  2287 | D:6      | Reached skill level 5 in Conjurations
  2523 | D:6      | Reached skill level 9 in Earth Magic
  2556 | D:6      | Gained mutation: You passively map the area around you.
                  | [Meteoran growth]
  2556 | D:6      | Reached XP level 9. HP: 57/62 MP: 12/19
  2584 | D:6      | Noticed Maggie
  2593 | D:6      | Killed Maggie
  2686 | D:6      | Reached skill level 10 in Earth Magic
  3038 | D:7      | Noticed a kobold demonologist
  3041 | D:7      | Noticed a rust devil
  3041 | D:7      | Noticed a sixfirhy
  3041 | D:7      | Killed a kobold demonologist
  3055 | D:7      | Found a staircase to the Ecumenical Temple.
  3063 | Temple   | Entered the Ecumenical Temple
  3080 | Temple   | Became a worshipper of Vehumet
  3096 | Temple   | Learned a level 4 spell: Petrify
  3200 | D:7      | Noticed a manticore
  3202 | D:7      | Reached skill level 11 in Earth Magic
  3212 | D:7      | Killed a manticore
  3213 | D:7      | Reached XP level 10. HP: 22/69 MP: 5/23
  3298 | D:7      | Noticed a green ugly thing
  3305 | D:7      | Killed a green ugly thing
  3306 | D:7      | Reached skill level 12 in Earth Magic
  3348 | D:7      | Found Jobbuef's Armour Shop.
  3391 | D:7      | Reached skill level 1 in Fighting
  3804 | D:8      | Noticed Jeremiah
  3809 | D:8      | Killed Jeremiah
  3809 | D:8      | Reached * piety under Vehumet
  3809 | D:8      | Offered knowledge of Shock by Vehumet.
  4031 | D:8      | Found a flagged portal.
  4048 | Bailey   | Entered a bailey
  4071 | Bailey   | Reached XP level 11. HP: 84/84 MP: 8/24
  4077 | Bailey   | Noticed a two-headed ogre
  4079 | Bailey   | Reached skill level 5 in Dodging
  4083 | Bailey   | Killed a two-headed ogre
  4084 | Bailey   | Reached skill level 5 in Fighting
  4692 | D:9      | Offered knowledge of Foxfire by Vehumet.
  4699 | D:9      | Reached ** piety under Vehumet
  4733 | D:9      | Noticed an elephant
  4740 | D:9      | Killed an elephant
  4751 | D:9      | Found a staircase to the Lair.
  4761 | Lair:1   | Entered Level 1 of the Lair of Beasts
  4830 | Lair:1   | Reached XP level 12. HP: 13/100 MP: 5/26
  4856 | Lair:1   | Identified the +3 trident "Zyptid" {holy, *Slow rPois rF++
                  | Str+3}
  4887 | Lair:1   | Reached skill level 10 in Conjurations
  4901 | Lair:1   | Offered knowledge of Searing Ray by Vehumet.
  5098 | Lair:1   | Reached skill level 10 in Spellcasting
  5144 | Lair:1   | Slain by a cane toad

Illustrated notes

Levels and vault maps discovered:
D:1:      sevenhm_arrival_forest_fort_large_4, layout_loops_ring, serial_shops,
          shop_statue, minmay_misc_feat_square, minivault_23
D:2:      layout_rooms, chequers_serial_rivers_room_a
D:3:      layout_basic, ebering_ecumenical_altar_webs, serial_bayou_pond_d
D:4:      layout_basic, ebering_ghost_disaster_area, minmay_strange_pillars,
          nrook_uturn, lightli_corner_chamber
D:5:      minmay_evil_eye, layout_basic, riverfiend_overflow_shadow_ancestor,
          mainiacjoe_overflow_concentric_impassable, xom_confusion_cloud,
          mainiacjoe_overflow_six_doors_small, kennysheep_nub
D:6:      layout_basic, uniq_maggie
D:7:      layout_basic, temple_doors_e, serial_shops,
          nicolae_shop_back_alley_shop
D:8:      layout_loops_cross, enter_bailey_5, nicolae_letterblocks
          [nicolae_letter_subblock, nicolae_letter_subblock,
          nicolae_letter_subblock, nicolae_letter_subblock,
          nicolae_letter_subblock, nicolae_letter_subblock,
          nicolae_letter_subblock, nicolae_letter_subblock,
          nicolae_letter_subblock, nicolae_letter_subblock,
          nicolae_letter_subblock, nicolae_letter_subblock,
          nicolae_letter_subblock, nicolae_letter_subblock,
          nicolae_letter_subblock, nicolae_letter_subblock,
          nicolae_letter_subblock, nicolae_letter_subblock,
          nicolae_letter_subblock, nicolae_letter_subblock,
          nicolae_letter_subblock, nicolae_letter_subblock,
          nicolae_letter_subblock, nicolae_letter_subblock,
          nicolae_letter_subblock], uniq_jeremiah
D:9:      layout_cave_pods, makhleb_altar_promises_db, general_overflow_altar,
          david_lair_generic
Temple:   zaba_magenta_temple
Lair:1:   layout_regular_city, chequers_serial_rivers_micro_c,
          beast_lair_carwin_7

Skill      XL: |  1  2  3  4  5  6  7  8  9 10 11 12 |
---------------+-------------------------------------+-----
Earth Magic    | 4 5 6 7 9 11 12 | 12.2
Spellcasting   | 3 4 5 6 8 9 10 | 10.1
Conjurations   | 1 2 3 4 5 7 8 9 10 | 10.8
Fighting       | 4 7 |  7.8
Dodging        | 4 7 8 |  8.2
Stealth        | |  1.4
Transmutations | |  1.2

Action                     |  1- 3 |  4- 6 |  7- 9 | 10-12 || total
---------------------------+-------+-------+-------+-------++-------
   Cast: Sandblast         |    32 |    64 |    83 |   125 ||   304
         Stone Arrow       |       |       |     6 |    74 ||    80
         Brom's Barrelling |       |       |     2 |       ||     2
         Passwall          |       |       |       |     1 ||     1
  Evoke: Wand              |       |       |       |     2 ||     2
    Use: Scroll            |       |       |    10 |     5 ||    15
         Potion            |       |       |       |     1 ||     1
 Armour: Robe              |     1 |    22 |    37 |       ||    60
         Acid dragon scale |       |       |     9 |   130 ||   139
         Skin              |       |       |       |     5 ||     5
  Dodge: Dodged            |     2 |    18 |    37 |   131 ||   188

Table legend: (Time is in decaauts)
 A = Elapsed time spent in this place.
 B = Non-inter-level travel time spent in this place.
 C = Inter-level travel time spent in this place.
 D = Time resting spent in this place.
 E = Time spent auto-exploring this place.
 F = Levels seen in this place.
 G = Mean time per level.
                   A        B        C        D        E       F      G
               +--------+--------+--------+--------+--------+-----+--------+
         Total |   5298 |   4952 |    346 |    137 |   3315 |  12 |  441.5 |
       Dungeon |   4524 |   4194 |    330 |      0 |   3117 |   9 |  502.7 |
        Temple |    130 |    114 |     16 |     70 |      0 |   1 |  130.0 |
          Lair |    413 |    413 |      0 |     19 |    179 |   1 |  413.0 |
        Bailey |    229 |    229 |      0 |     48 |     18 |   1 |  229.0 |
               +--------+--------+--------+--------+--------+-----+--------+

Top non-repeatable levels by time:
     D:8: 797 daAuts
     D:3: 727 daAuts
     D:6: 665 daAuts
     D:7: 552 daAuts
     D:4: 525 daAuts
  Lair:1: 413 daAuts
     D:5: 393 daAuts
     D:1: 384 daAuts
     D:2: 294 daAuts
  Bailey: 229 daAuts
     D:9: 183 daAuts
  Temple: 130 daAuts
